| TOP OF THE 1ST |
|
Norfolk Tides batting - Pitching for Columbus Clippers : RHP Drew Rickelman
|
|
Pitching: RHP Drew Rickelman
|
|
|
Batting: LHB Hyoji Toda
|
0-0: Called Strike 0-1: Swinging Strike 0-2: Ball 1-2: Foul Ball, location: 2F 1-2: Ball 2-2: SOLO HOME RUN (Flyball, 89XD, EV 110.0 MPH), Distance : 401 ft
|
|
Batting: LHB Gabe Pace
|
0-0: Swinging Strike 0-1: Foul Ball, location: 2F 0-2: Strikes out swinging
|
|
Batting: RHB Mario Saez
|
0-0: Ball 1-0: Swinging Strike 1-1: Ball 2-1: Ball 3-1: Foul Ball, location: 2F 3-2: Base on Balls
|
|
Batting: RHB Mike Hayward
|
0-0: Swinging Strike 0-1: Swinging Strike 0-2: Strikes out swinging
|
|
Batting: LHB Tom Edwards
|
0-0: Called Strike 0-1: Foul Ball, location: 2F 0-2: Foul Ball, location: 2F 0-2: Ball Wild Pitch! Mario Saez to second 1-2: Strikes out swinging
|
| Top of the 1st over - 1 run, 1 hit, 0 errors, 1 left on base; Norfolk 1 - Columbus 0 |
| BOTTOM OF THE 1ST |
|
Columbus Clippers batting - Pitching for Norfolk Tides : LHP Juan Becerra
|
|
Pitching: LHP Juan Becerra
|
|
|
Batting: SHB Jonathan DeFranco
|
0-0: Called Strike 0-1: Foul Ball, location: 2F 0-2: Ball 1-2: Strikes out looking
|
|
Batting: RHB Tristan Dennis
|
0-0: Foul Ball, location: 2F 0-1: Swinging Strike 0-2: Foul Ball, location: 2F 0-2: DOUBLE (Line Drive, 89M, EV 105.0 MPH)
|
|
Batting: RHB Miguel Trevino
|
0-0: Called Strike 0-1: Ball 1-1: Called Strike 1-2: Ball 2-2: Foul Ball, location: 2F 2-2: Strikes out swinging
|
|
Batting: RHB Jason Savage
|
0-0: Ball 1-0: Called Strike 1-1: Ball 2-1: Ball 3-1: Base on Balls
|
|
Batting: SHB Mike Gross
|
0-0: Ball 1-0: Called Strike 1-1: Foul Ball, location: 2F 1-2: Ball 2-2: Ball 3-2: 3-RUN HOME RUN (Flyball, 7D, EV 104.4 MPH), Distance : 417 ft
|
|
Batting: RHB Chris Folse
|
0-0: Ball 1-0: Called Strike 1-1: Ball 2-1: Called Strike 2-2: Foul Ball, location: 2F 2-2: Ball 3-2: Foul Ball, location: 2F 3-2: Foul Ball, location: 2F 3-2: Base on Balls
|
|
Batting: LHB Doug Frampton
|
0-0: Ball Chris Folse is caught stealing 2nd base 2-6
|
| Bottom of the 1st over - 3 runs, 2 hits, 0 errors, 0 left on base; Norfolk 1 - Columbus 3 |
| TOP OF THE 2ND |
|
Norfolk Tides batting - Pitching for Columbus Clippers : RHP Drew Rickelman
|
|
Batting: RHB Tony Logan
|
0-0: Called Strike 0-1: Called Strike 0-2: Ground out 6-3 (Groundball, 6M, EV 101.9 MPH)
|
|
Batting: LHB Josh Downs
|
0-0: Ground out 1-3 (Groundball, 34S, EV 72.5 MPH)
|
|
Batting: RHB Ricky Jimenez
|
0-0: DOUBLE (Flyball, 89XD, EV 108.1 MPH)
|
|
Batting: RHB Jesus Luque
|
0-0: Swinging Strike 0-1: Swinging Strike 0-2: Ball 1-2: Fly out, F9 (Flyball, 9S, EV 96.9 MPH)
|
| Top of the 2nd over - 0 runs, 1 hit, 0 errors, 1 left on base; Norfolk 1 - Columbus 3 |
| BOTTOM OF THE 2ND |
|
Columbus Clippers batting - Pitching for Norfolk Tides : LHP Juan Becerra
|
|
Batting: LHB Doug Frampton
|
0-0: Ball 1-0: Ball 2-0: Ball 3-0: Called Strike 3-1: Base on Balls
|
|
Batting: RHB Nate Singleton
|
0-0: Fielders Choice at 2nd, 3-6 (Groundball, 34S, EV 89.4 MPH)
|
|
Batting: SHB Danny Simmons
|
0-0: Called Strike 0-1: Ball 1-1: Called Strike 1-2: Foul Ball, location: 2F 1-2: Ball 2-2: Ball 3-2: Strikes out looking
|
|
Batting: SHB Jonathan DeFranco
|
0-0: Foul Ball, location: 2F 0-1: SINGLE (Groundball, 25, EV 69.4 MPH) (infield hit) Nate Singleton to second
|
|
Batting: RHB Tristan Dennis
|
0-0: Ball 1-0: SINGLE (Flyball, 5D, EV 96.9 MPH) Nate Singleton to third Jonathan DeFranco to second Runner from 3rd tries for Home, throw by LF and OUT! 7-2
|
| Bottom of the 2nd over - 0 runs, 2 hits, 0 errors, 2 left on base; Norfolk 1 - Columbus 3 |
| TOP OF THE 3RD |
|
Norfolk Tides batting - Pitching for Columbus Clippers : RHP Drew Rickelman
|
|
Batting: LHB Hyoji Toda
|
0-0: Ball 1-0: Ground out 1-3 (Groundball, P, EV 61.9 MPH)
|
|
Batting: LHB Gabe Pace
|
0-0: Called Strike 0-1: Foul Ball, location: 2F 0-2: Strikes out swinging
|
|
Batting: RHB Mario Saez
|
0-0: Ball 1-0: Called Strike 1-1: Foul Ball, location: 2F 1-2: Ball 2-2: Foul Ball, location: 2F 2-2: Foul Ball, location: 2F 2-2: Ball 3-2: Foul Ball, location: 2F 3-2: Ground out 6-3 (Groundball, P, EV 81.9 MPH)
|
| Top of the 3rd over - 0 runs, 0 hits, 0 errors, 0 left on base; Norfolk 1 - Columbus 3 |
| BOTTOM OF THE 3RD |
|
Columbus Clippers batting - Pitching for Norfolk Tides : LHP Juan Becerra
|
|
Batting: RHB Miguel Trevino
|
0-0: Ball 1-0: Called Strike 1-1: Swinging Strike 1-2: Foul Ball, location: 2F 1-2: Ball 2-2: Foul Ball, location: 2F 2-2: Ball 3-2: Foul Ball, location: 2F 3-2: Base on Balls
|
|
Batting: RHB Jason Savage
|
0-0: Ball 1-0: Ball 2-0: SINGLE (Groundball, 6MD, EV 103.1 MPH) Miguel Trevino to second Runner from 2nd tries for 3rd, SAFE, throw by CF made to third Jason Savage to second
|
|
Batting: SHB Mike Gross
|
0-0: Ball 1-0: Ball 2-0: Called Strike 2-1: Called Strike 2-2: Ball 3-2: Strikes out looking
|
|
Batting: RHB Chris Folse
|
0-0: Called Strike 0-1: Ball 1-1: Ball 2-1: Called Strike 2-2: Strikes out swinging
|
|
Batting: LHB Doug Frampton
|
0-0: Called Strike 0-1: Ball 1-1: Ball 2-1: Foul Ball, location: 2F 2-2: Ball 3-2: Strikes out looking
|
| Bottom of the 3rd over - 0 runs, 1 hit, 0 errors, 2 left on base; Norfolk 1 - Columbus 3 |
| TOP OF THE 4TH |
|
Norfolk Tides batting - Pitching for Columbus Clippers : RHP Drew Rickelman
|
|
Batting: RHB Mike Hayward
|
0-0: Ball 1-0: SINGLE (Line Drive, 56D, EV 95.6 MPH)
|
|
Batting: LHB Tom Edwards
|
0-0: Ball 1-0: Fly out, F8 (Flyball, 89S, EV 93.8 MPH)
|
|
Batting: RHB Tony Logan
|
0-0: Ball 1-0: Called Strike 1-1: Foul Ball, location: 2F 1-2: Fielders Choice at 2nd, 6-4 (Groundball, 6, EV 103.8 MPH)
|
|
Batting: LHB Josh Downs
|
0-0: Called Strike 0-1: Ball 1-1: SINGLE (Flyball, 78S, EV 90.6 MPH) Tony Logan to second
|
|
Batting: RHB Ricky Jimenez
|
0-0: Ball 1-0: Fielders Choice at 2nd, 5-4 (Groundball, 56, EV 92.5 MPH)
|
| Top of the 4th over - 0 runs, 2 hits, 0 errors, 2 left on base; Norfolk 1 - Columbus 3 |
| BOTTOM OF THE 4TH |
|
Columbus Clippers batting - Pitching for Norfolk Tides : LHP Juan Becerra
|
|
Batting: RHB Nate Singleton
|
0-0: Called Strike 0-1: Foul Ball, location: 2F 0-2: Fly out, F9 (Flyball, 89D, EV 86.3 MPH)
|
|
Batting: SHB Danny Simmons
|
0-0: Called Strike 0-1: DOUBLE (Line Drive, 7LS, EV 108.8 MPH)
|
|
Batting: SHB Jonathan DeFranco
|
0-0: SINGLE (Flyball, 8LM, EV 76.9 MPH) Danny Simmons to third
|
|
Batting: RHB Tristan Dennis
|
0-0: Ball 1-0: Foul Ball, location: 2F 1-1: Ball 2-1: Called Strike 2-2: Foul Ball, location: 2F 2-2: Ball 3-2: Strikes out swinging
|
|
Batting: RHB Miguel Trevino
|
0-0: Ball 1-0: Foul Ball, location: 2F 1-1: Ball 2-1: Ball 3-1: Called Strike 3-2: Foul Ball, location: 2F 3-2: Base on Balls Jonathan DeFranco to second
|
|
Batting: RHB Jason Savage
|
0-0: Called Strike 0-1: Ball 1-1: Called Strike 1-2: Ball 2-2: Foul Ball, location: 2F 2-2: SINGLE (Groundball, 34, EV 102.5 MPH) Danny Simmons scores Jonathan DeFranco to third Miguel Trevino to second Runner from 3rd tries for Home, SAFE, throw by RF to home
|
|
Pitching: RHP Wil Martinez
|
|
|
Batting: SHB Mike Gross
|
0-0: Ball 1-0: Called Strike 1-1: Foul Ball, location: 2F 1-2: Strikes out swinging
|
| Bottom of the 4th over - 2 runs, 3 hits, 0 errors, 2 left on base; Norfolk 1 - Columbus 5 |
| TOP OF THE 5TH |
|
Norfolk Tides batting - Pitching for Columbus Clippers : RHP Drew Rickelman
|
|
Batting: RHB Jesus Luque
|
0-0: Ball 1-0: Called Strike 1-1: Ball 2-1: Called Strike 2-2: Ground out 6-3 (Groundball, 4M, EV 89.4 MPH)
|
|
Batting: LHB Hyoji Toda
|
0-0: TRIPLE (Flyball, 9LD, EV 97.5 MPH)
|
|
Batting: LHB Gabe Pace
|
0-0: Ball 1-0: Ball 2-0: Ball 3-0: Called Strike 3-1: Fly out, F8 (Line Drive, 8RM, EV 92.5 MPH) Runner from 3rd tags up, SCORES, no throw by CF
|
|
Batting: RHB Mario Saez
|
0-0: Called Strike 0-1: Ball 1-1: Swinging Strike 1-2: Strikes out looking
|
| Top of the 5th over - 1 run, 1 hit, 0 errors, 0 left on base; Norfolk 2 - Columbus 5 |
| BOTTOM OF THE 5TH |
|
Columbus Clippers batting - Pitching for Norfolk Tides : RHP Wil Martinez
|
|
Batting: RHB Chris Folse
|
0-0: SINGLE (Line Drive, 56D, EV 95.6 MPH)
|
|
Batting: LHB Doug Frampton
|
0-0: Called Strike Chris Folse steals 2nd base 0-1: Ball 1-1: Intentional Walk
|
|
Batting: RHB Nate Singleton
|
0-0: Called Strike 0-1: Ball 1-1: Called Strike 1-2: Strikes out swinging
|
|
Batting: SHB Danny Simmons
|
0-0: Called Strike Chris Folse steals 3rd base 0-1: Ball 1-1: Foul Ball, location: 2F 1-2: Fielders Choice at 2nd, 1-6 (Groundball, 13S, EV 71.9 MPH)
|
|
Batting: SHB Jonathan DeFranco
|
0-0: Ball 1-0: Fly out, F8 (Flyball, 8LXD, EV 105.6 MPH)
|
| Bottom of the 5th over - 0 runs, 1 hit, 0 errors, 2 left on base; Norfolk 2 - Columbus 5 |
| TOP OF THE 6TH |
|
Norfolk Tides batting - Pitching for Columbus Clippers : RHP Drew Rickelman
|
|
Batting: RHB Mike Hayward
|
0-0: Called Strike 0-1: Ground out 4-3 (Groundball, 4, EV 84.4 MPH)
|
|
Batting: LHB Tom Edwards
|
0-0: Called Strike 0-1: Called Strike 0-2: Ball 1-2: Strikes out swinging
|
|
Batting: RHB Tony Logan
|
0-0: Ball 1-0: Swinging Strike 1-1: Called Strike 1-2: Foul Ball, location: 2F 1-2: Fly out, F2 (Popup, 23F, EV 88.8 MPH)
|
| Top of the 6th over - 0 runs, 0 hits, 0 errors, 0 left on base; Norfolk 2 - Columbus 5 |
| BOTTOM OF THE 6TH |
|
Columbus Clippers batting - Pitching for Norfolk Tides : RHP Wil Martinez
|
|
Batting: RHB Tristan Dennis
|
0-0: Ground out 5-3 (Groundball, 56S, EV 68.1 MPH)
|
|
Batting: RHB Miguel Trevino
|
0-0: Called Strike 0-1: Ball 1-1: Foul Ball, location: 2F 1-2: Ball 2-2: Ball 3-2: Fly out, F8 (Flyball, 8RD, EV 97.5 MPH)
|
|
Batting: RHB Jason Savage
|
0-0: Called Strike 0-1: Ball 1-1: Ball 2-1: Ball 3-1: Base on Balls
|
|
Batting: SHB Mike Gross
|
0-0: Ball 1-0: Foul Ball, location: 2F 1-1: Ball 2-1: Foul Ball, location: 2F 2-2: Fly out, F9 (Flyball, 9S, EV 89.4 MPH)
|
| Bottom of the 6th over - 0 runs, 0 hits, 0 errors, 1 left on base; Norfolk 2 - Columbus 5 |
| TOP OF THE 7TH |
|
Norfolk Tides batting - Pitching for Columbus Clippers : RHP Drew Rickelman
|
|
Batting: LHB Josh Downs
|
0-0: Ball 1-0: Foul Ball, location: 2F 1-1: Fly out, F7 (Line Drive, 7, EV 103.8 MPH)
|
|
Batting: RHB Ricky Jimenez
|
0-0: Called Strike 0-1: Ball 1-1: Ball 2-1: Ball 3-1: Fly out, F8 (Flyball, 8LS, EV 80.0 MPH)
|
|
Batting: RHB Jesus Luque
|
0-0: Called Strike 0-1: Ball 1-1: Ground out 5-3 (Groundball, 56S, EV 85.6 MPH)
|
| Top of the 7th over - 0 runs, 0 hits, 0 errors, 0 left on base; Norfolk 2 - Columbus 5 |
| BOTTOM OF THE 7TH |
|
Columbus Clippers batting - Pitching for Norfolk Tides : RHP Wil Martinez
|
|
Pitching: RHP Dustin Wein
|
|
|
Batting: RHB Chris Folse
|
0-0: SINGLE (Line Drive, 89S, EV 95.6 MPH)
|
|
Batting: LHB Doug Frampton
|
0-0: Called Strike 0-1: Ball 1-1: Ball 2-1: Called Strike 2-2: Strikes out swinging
|
|
DELAY
|
Rain delay of 38 minutes in the 7th inning.
|
|
Batting: RHB Nate Singleton
|
0-0: Called Strike 0-1: Ball 1-1: Grounds into double play, 4-6-3 (Groundball, 4, EV 100.6 MPH)
|
| Bottom of the 7th over - 0 runs, 1 hit, 0 errors, 0 left on base; Norfolk 2 - Columbus 5 |
| TOP OF THE 8TH |
|
Norfolk Tides batting - Pitching for Columbus Clippers : RHP Drew Rickelman
|
|
Pitching: RHP Danny Murguia
|
|
|
Batting: LHB Hyoji Toda
|
0-0: Ball 1-0: Called Strike 1-1: Ground out 6-3 (Groundball, 6, EV 85.6 MPH)
|
|
Batting: LHB Gabe Pace
|
0-0: Ground out 6-3 (Groundball, 6, EV 101.9 MPH)
|
|
Batting: RHB Mario Saez
|
0-0: Fly out, F9 (Flyball, 89D, EV 82.5 MPH)
|
| Top of the 8th over - 0 runs, 0 hits, 0 errors, 0 left on base; Norfolk 2 - Columbus 5 |
| BOTTOM OF THE 8TH |
|
Columbus Clippers batting - Pitching for Norfolk Tides : RHP Dustin Wein
|
|
Batting: SHB Danny Simmons
|
0-0: Foul Ball, location: 2F 0-1: SINGLE (Groundball, 34D, EV 100.0 MPH)
|
|
Batting: SHB Jonathan DeFranco
|
0-0: Called Strike 0-1: Swinging Strike 0-2: Ball 1-2: Strikes out swinging
|
|
Batting: RHB Tristan Dennis
|
0-0: Ball 1-0: Called Strike 1-1: Called Strike Danny Simmons is caught stealing 2nd base 2-4 1-2: Foul Ball, location: 2F 1-2: Strikes out looking
|
| Bottom of the 8th over - 0 runs, 1 hit, 0 errors, 0 left on base; Norfolk 2 - Columbus 5 |
| TOP OF THE 9TH |
|
Norfolk Tides batting - Pitching for Columbus Clippers : RHP Danny Murguia
|
|
Batting: RHB Mike Hayward
|
0-0: Ball 1-0: Foul Ball, location: 2F 1-1: DOUBLE (Line Drive, 89XD, EV 108.8 MPH)
|
|
Batting: LHB Tom Edwards
|
0-0: Swinging Strike 0-1: Ball 1-1: Foul Ball, location: 2F 1-2: Ball 2-2: Strikes out looking
|
|
Batting: RHB Tony Logan
|
0-0: Called Strike 0-1: Ball 1-1: Ball 2-1: Ball 3-1: Ground out 5-3 (Groundball, 56S, EV 63.8 MPH) Mike Hayward to third
|
|
Batting: LHB Josh Downs
|
0-0: Ball 1-0: Ball 2-0: Ball 3-0: Called Strike 3-1: Called Strike 3-2: Strikes out swinging
|
| Top of the 9th over - 0 runs, 1 hit, 0 errors, 1 left on base; Norfolk 2 - Columbus 5 |
|